groovejumper, neutral female human Wizard ---------- --------- --------- |........-################### |.......| ------ |.......| |........| # |.....|.| |....| |%......| |........| ### -------.- #-....|#####-.......| |........| # #### #|....|# --------- |.......>| ### # #------# ---------- # # ## ########## ---------- ### --.-------.- # |*..*..%.| ###.*..<......|### |..*.(*..| ###|....S.@....# |%.)..%%.| ####+..........| ------- |([......| # |...........# |.....| |).%.....+########## ------------### |.....| |..)%).*.| # |.....| ---------- ### |.....| # |.....| #######......| ------- groovejumper the Conjurer Experience level: 5 Strength: 14 Dexterity: 12 Constitution: 14 Intelligence: 18 Wisdom: 9 Charisma: 10 Health: 0(40) Energy: 21(38) AC: 9 Gold: 0 Moves: 966 Your Inventory: Weapons a - a blessed +1 quarterstaff (weapon in hands) Armor b - an uncursed +0 cloak of magic resistance (being worn) Comestibles s - an [uncursed] carrot t - an [uncursed] sprig of wolfsbane u - 7 [uncursed] food rations G - an [uncursed] tripe ration Scrolls q - an [uncursed] scroll labeled KIRJE [of magic mapping] x - a [blessed] scroll of gold detection z - an uncursed scroll of light B - an [uncursed] scroll labeled AQUE BRAGH [of fire] D - 2 [uncursed] unlabeled scrolls [of blank paper] H - a cursed scroll of gold detection Spellbooks l - a blessed spellbook of force bolt m - an uncursed spellbook of knock p - an [uncursed] spellbook of cure blindness Potions f - a blessed potion of sleeping g - an uncursed potion of healing h - an uncursed potion of water y - an [uncursed] emerald potion [of gain energy] A - a [cursed] white potion [of booze] C - an [uncursed] emerald potion [of gain energy] E - an [uncursed] sky blue potion [of confusion] J - an [uncursed] brown potion [of sickness] Rings d - an uncursed +2 ring of gain wisdom e - an uncursed +4 ring of adornment I - an [uncursed] chrysoberyl ring [of warning] Wands c - an uncursed wand of striking (0:8) n - an uncursed wand of polymorph (0:2) v - an [uncursed] quartz wand [of cold (0:4)] F - an [uncursed] porcelain wand [of opening (0:7)] Tools k - an [uncursed] lock pick K - an [uncursed] lock pick Spells known in the end: Name Level Category Fail Memory a - force bolt 1 attack 0% [||||||||] b - knock 1 matter 0% [||||||||] c - cure blindness 2 healing 53% [||||||||] Your skills at the end: Fighting Skills Weapon Skills quarterstaff [Basic / Expert] Spellcasting Skills attack spells [Basic / Expert] enchantment spells [Basic / Skilled] Final Attributes: You were devoutly aligned. Hunger level was 155. Your alignment was 14 / 14. Monster difficulty range was 0 - 3. Level difficulty was 2. You were magic-protected. Your luck was zero. You are dead. Vanquished creatures: 3 small mimics a large kobold a gecko 10 jackals a kobold 3 goblins 2 grid bugs a lichen 2 kobold zombies 2 newts 26 creatures vanquished. Voluntary challenges: You were an atheist. You used a wielded weapon 20 times. You read items or engraved 7 times. You put on armor 1 time. You never genocided any monsters. You polymorphed 3 items. You never changed form. You used no wishes. You wrote Elbereth's name 3 times. You never encountered a bones level. You never used any Sokoban shortcuts. Dungeon overview: The Dungeons of Doom: levels 1 to 2 Level 1 a long staircase Level 2 <- You were here a general store History has recorded: On T:1 you entered the Dungeons of Doom to retrieve the Amulet of Yendor! On T:376 you advanced to experience level 2. On T:554 you reached level 2 of The Dungeons of Doom. On T:795 you advanced to experience level 3. On T:873 you advanced to experience level 4. On T:890 you advanced to experience level 5. Latest messages: The spell misses Akalapi. Akalapi zaps a wand of striking! Boing! Akalapi zaps a wand of striking! Boing! Akalapi the red naga bites! (2x) [HP-12=12] Akalapi the black unicorn butts! Akalapi the black unicorn kicks! [HP-7=5] You write "Elbereth" with your fingers into the dust. Akalapi the black unicorn butts! You die... Akalapi takes all your possessions. Final status: Goodbye groovejumper the Wizard... You died in The Dungeons of Doom on dungeon level 2 with 774 points, and 0 pieces of gold, after 966 moves. You were level 5 with a maximum of 40 hit points when you died.